| TOP OF THE 1ST |
|
Louisville Bats batting - Pitching for Albuquerque Isotopes : RHP Austin Akers
|
|
Pitching: RHP Austin Akers
|
|
|
Batting: RHB Won-jun Park
|
0-0: Ball 1-0: Called Strike 1-1: Fly out, F2 (Popup, 2RF, EV 91.9 MPH)
|
|
Batting: RHB Takanibu Kaneshiro
|
0-0: Called Strike 0-1: Ball 1-1: Foul Ball, location: 2F 1-2: Ball 2-2: Strikes out swinging
|
|
Batting: RHB Juan Reyes
|
0-0: Ball 1-0: Foul Ball, location: 2F 1-1: Ball 2-1: Ground out 6-3 (Groundball, 6, EV 101.9 MPH)
|
| Top of the 1st over - 0 runs, 0 hits, 0 errors, 0 left on base; Louisville 0 - Albuquerque 0 |
| BOTTOM OF THE 1ST |
|
Albuquerque Isotopes batting - Pitching for Louisville Bats : LHP Edwin Pacheco
|
|
Pitching: LHP Edwin Pacheco
|
|
|
Batting: RHB Logan Morgan
|
0-0: Called Strike 0-1: Ball 1-1: Swinging Strike 1-2: Strikes out swinging
|
|
Batting: RHB Sadataka Kuwahara
|
0-0: Called Strike 0-1: Ball 1-1: Ball 2-1: Ball 3-1: Foul Ball, location: 2F 3-2: Ground out 5-3 (Groundball, 56, EV 81.2 MPH)
|
|
Batting: RHB Adrian Rudkilde
|
0-0: Called Strike 0-1: Foul Ball, location: 2F 0-2: Ball 1-2: DOUBLE (Flyball, 8LXD, EV 92.5 MPH)
|
|
Batting: SHB Orlando Torres
|
0-0: Ground out 5-3 (Groundball, 5, EV 90.6 MPH)
|
| Bottom of the 1st over - 0 runs, 1 hit, 0 errors, 1 left on base; Louisville 0 - Albuquerque 0 |
| TOP OF THE 2ND |
|
Louisville Bats batting - Pitching for Albuquerque Isotopes : RHP Austin Akers
|
|
Batting: LHB Jared Paige
|
0-0: Foul Ball, location: 2F 0-1: Ground out 3-1 (Groundball, 34S, EV 94.4 MPH)
|
|
Batting: RHB Jonathan Robies
|
0-0: SINGLE (Groundball, 4MD, EV 105.6 MPH)
|
|
Batting: SHB Freddie Farrar
|
0-0: Fielders Choice at 2nd, 4-6 (Groundball, 34, EV 89.4 MPH)
|
|
Batting: LHB Leo Gomez
|
0-0: Ball 1-0: Ball 2-0: Ball 3-0: Called Strike 3-1: Fly out, F6 (Popup, 6M, EV 66.2 MPH)
|
| Top of the 2nd over - 0 runs, 1 hit, 0 errors, 1 left on base; Louisville 0 - Albuquerque 0 |
| BOTTOM OF THE 2ND |
|
Albuquerque Isotopes batting - Pitching for Louisville Bats : LHP Edwin Pacheco
|
|
Batting: SHB Jamel Wright
|
0-0: Ball 1-0: Ground out 5-3 (Groundball, 5S, EV 90.0 MPH)
|
|
Batting: RHB Jerry Sanchez
|
0-0: Ball 1-0: Called Strike 1-1: Called Strike 1-2: Ball 2-2: Fly out, F8 (Flyball, 8RXD, EV 91.9 MPH)
|
|
Batting: SHB D.J. Codd
|
0-0: Swinging Strike 0-1: Foul Ball, location: 2F 0-2: Ball 1-2: Ball 2-2: Foul Ball, location: 2F 2-2: Ball 3-2: Foul Ball, location: 2F 3-2: Strikes out swinging, 2-3 out at first.
|
| Bottom of the 2nd over - 0 runs, 0 hits, 0 errors, 0 left on base; Louisville 0 - Albuquerque 0 |
| TOP OF THE 3RD |
|
Louisville Bats batting - Pitching for Albuquerque Isotopes : RHP Austin Akers
|
|
Batting: RHB Danny Real
|
0-0: Called Strike 0-1: Foul Ball, location: 2F 0-2: Strikes out swinging
|
|
Batting: RHB Ben Hinman
|
0-0: Ball 1-0: Ball 2-0: Called Strike 2-1: Foul Ball, location: 2F 2-2: Strikes out swinging
|
|
Batting: RHB Won-jun Park
|
0-0: Foul Ball, location: 2F 0-1: Ball 1-1: Swinging Strike 1-2: Strikes out looking
|
| Top of the 3rd over - 0 runs, 0 hits, 0 errors, 0 left on base; Louisville 0 - Albuquerque 0 |
| BOTTOM OF THE 3RD |
|
Albuquerque Isotopes batting - Pitching for Louisville Bats : LHP Edwin Pacheco
|
|
Batting: RHB Ben Taylor
|
0-0: Swinging Strike 0-1: Ball 1-1: Called Strike 1-2: Ball 2-2: Strikes out swinging
|
|
Batting: RHB Herb McIntyre
|
0-0: Ball 1-0: Called Strike 1-1: Foul Ball, location: 2F 1-2: Strikes out swinging
|
|
Batting: RHB Logan Morgan
|
0-0: Ball 1-0: Ball 2-0: Ground out 6-3 (Groundball, 6, EV 88.1 MPH)
|
| Bottom of the 3rd over - 0 runs, 0 hits, 0 errors, 0 left on base; Louisville 0 - Albuquerque 0 |
| TOP OF THE 4TH |
|
Louisville Bats batting - Pitching for Albuquerque Isotopes : RHP Austin Akers
|
|
Batting: RHB Takanibu Kaneshiro
|
0-0: Called Strike 0-1: Called Strike 0-2: Ground out 5-3 (Groundball, 5, EV 85.6 MPH)
|
|
Batting: RHB Juan Reyes
|
0-0: Ball 1-0: Swinging Strike 1-1: Fly out, F8 (Flyball, 8RS, EV 93.1 MPH)
|
|
Batting: LHB Jared Paige
|
0-0: Fly out, F9 (Flyball, 89M, EV 85.6 MPH)
|
| Top of the 4th over - 0 runs, 0 hits, 0 errors, 0 left on base; Louisville 0 - Albuquerque 0 |
| BOTTOM OF THE 4TH |
|
Albuquerque Isotopes batting - Pitching for Louisville Bats : LHP Edwin Pacheco
|
|
Batting: RHB Sadataka Kuwahara
|
0-0: Swinging Strike 0-1: Ball 1-1: Swinging Strike 1-2: Ball 2-2: Foul Ball, location: 2F 2-2: Ball 3-2: Foul Ball, location: 2F 3-2: Base on Balls
|
|
Batting: RHB Adrian Rudkilde
|
0-0: Called Strike Sadataka Kuwahara is caught stealing 2nd base 2-4 0-1: Ball 1-1: Foul Ball, location: 2F 1-2: Ground out 6-3 (Groundball, 6, EV 104.4 MPH)
|
|
Batting: SHB Orlando Torres
|
0-0: Called Strike 0-1: Swinging Strike 0-2: Ball 1-2: Fly out, F8 (Flyball, 8LXD, EV 101.2 MPH)
|
| Bottom of the 4th over - 0 runs, 0 hits, 0 errors, 0 left on base; Louisville 0 - Albuquerque 0 |
| TOP OF THE 5TH |
|
Louisville Bats batting - Pitching for Albuquerque Isotopes : RHP Austin Akers
|
|
Batting: RHB Jonathan Robies
|
0-0: Foul Ball, location: 2F 0-1: Ball 1-1: Ball 2-1: Foul Ball, location: 2F 2-2: Strikes out looking
|
|
Batting: SHB Freddie Farrar
|
0-0: Ball 1-0: Ball 2-0: Ball 3-0: Called Strike 3-1: Foul Ball, location: 2F 3-2: Foul Ball, location: 2F 3-2: Fly out, F8 (Flyball, 8RD, EV 96.9 MPH)
|
|
Batting: LHB Leo Gomez
|
0-0: Ball 1-0: Ball 2-0: Foul Ball, location: 2F 2-1: SINGLE (Groundball, 6S, EV 70.6 MPH) (infield hit)
|
|
Batting: RHB Danny Real
|
0-0: Ball 1-0: Called Strike 1-1: Fielders Choice at 2nd, 5-4 (Groundball, 56, EV 82.5 MPH)
|
| Top of the 5th over - 0 runs, 1 hit, 0 errors, 1 left on base; Louisville 0 - Albuquerque 0 |
| BOTTOM OF THE 5TH |
|
Albuquerque Isotopes batting - Pitching for Louisville Bats : LHP Edwin Pacheco
|
|
Batting: SHB Jamel Wright
|
0-0: Ball 1-0: Ball 2-0: Fly out, F3 (Popup, 3S, EV 63.8 MPH)
|
|
Batting: RHB Jerry Sanchez
|
0-0: Fly out, F7 (Line Drive, 7S, EV 101.9 MPH)
|
|
Batting: SHB D.J. Codd
|
0-0: Ball 1-0: Ball 2-0: Foul Ball, location: 2F 2-1: Called Strike 2-2: Foul Ball, location: 2F 2-2: Ball 3-2: Ground out 1-3 (Groundball, P, EV 61.9 MPH)
|
| Bottom of the 5th over - 0 runs, 0 hits, 0 errors, 0 left on base; Louisville 0 - Albuquerque 0 |
| TOP OF THE 6TH |
|
Louisville Bats batting - Pitching for Albuquerque Isotopes : RHP Austin Akers
|
|
Batting: RHB Ben Hinman
|
0-0: Ball 1-0: Called Strike 1-1: Ball 2-1: SINGLE (Groundball, 6MD, EV 100.0 MPH)
|
|
Batting: RHB Won-jun Park
|
0-0: Called Strike 0-1: Ball 1-1: Ball 2-1: Fly out, F6 (Line Drive, 6, EV 66.2 MPH)
|
|
Batting: RHB Takanibu Kaneshiro
|
0-0: Ball 1-0: Foul Ball, location: 2F 1-1: Ball 2-1: Fly out, F8 (Flyball, 78M, EV 81.9 MPH)
|
|
Batting: RHB Juan Reyes
|
0-0: Ball 1-0: Ball 2-0: Ball 3-0: DOUBLE (Flyball, 8RXD, EV 93.8 MPH) Ben Hinman to third Runner from 3rd tries for Home, SAFE, throw by CF to home
|
|
Batting: LHB Jared Paige
|
0-0: Called Strike 0-1: Swinging Strike 0-2: Strikes out swinging
|
| Top of the 6th over - 1 run, 2 hits, 0 errors, 1 left on base; Louisville 1 - Albuquerque 0 |
| BOTTOM OF THE 6TH |
|
Albuquerque Isotopes batting - Pitching for Louisville Bats : LHP Edwin Pacheco
|
|
Batting: RHB Ben Taylor
|
0-0: Ball 1-0: Foul Ball, location: 2F 1-1: Ground out 6-3 (Groundball, 6S, EV 89.4 MPH)
|
|
Batting: RHB Herb McIntyre
|
0-0: Called Strike 0-1: Called Strike 0-2: Ball 1-2: Ball 2-2: Foul Ball, location: 2F 2-2: DOUBLE (Groundball, 5L, EV 97.5 MPH)
|
|
Batting: RHB Logan Morgan
|
0-0: Called Strike 0-1: Ball 1-1: Foul Ball, location: 2F 1-2: Ball 2-2: Ball 3-2: Base on Balls
|
|
Batting: RHB Sadataka Kuwahara
|
0-0: Called Strike 0-1: Fly out, F8 (Flyball, 8RD, EV 101.2 MPH)
|
|
Batting: RHB Adrian Rudkilde
|
0-0: 3-RUN HOME RUN (Flyball, 9LD, EV 91.9 MPH), Distance : 351 ft
|
|
Batting: SHB Orlando Torres
|
0-0: Ground out 3-1 (Groundball, 34, EV 88.8 MPH)
|
| Bottom of the 6th over - 3 runs, 2 hits, 0 errors, 0 left on base; Louisville 1 - Albuquerque 3 |
| TOP OF THE 7TH |
|
Louisville Bats batting - Pitching for Albuquerque Isotopes : RHP Austin Akers
|
|
Batting: RHB Jonathan Robies
|
0-0: Ball 1-0: Called Strike 1-1: Called Strike 1-2: Foul Ball, location: 2F 1-2: Ball 2-2: Foul Ball, location: 2F 2-2: Reached on error, E1 (Groundball, 25, EV 66.9 MPH)
|
|
Batting: SHB Freddie Farrar
|
0-0: Swinging Strike 0-1: SINGLE (Groundball, 56D, EV 103.8 MPH) Jonathan Robies to third
|
|
Batting: LHB Leo Gomez
|
0-0: DOUBLE (Groundball, 3L, EV 99.4 MPH) Jonathan Robies scores Freddie Farrar to third Runner from 3rd tries for Home, SAFE, throw by RF to trailing runner, SAFE at third!
|
|
Batting: RHB Danny Real
|
0-0: Intentional Walk
|
|
Batting: RHB Ben Hinman
|
0-0: Ball Danny Real steals 2nd base 1-0: Swinging Strike 1-1: Ball 2-1: Ground out 4-3 (Groundball, 34S, EV 69.4 MPH)
|
|
Batting: RHB Won-jun Park
|
0-0: Fly out, F9 (Flyball, 9S, EV 93.8 MPH)
|
|
Batting: RHB Takanibu Kaneshiro
|
0-0: Ground out 4-3 (Groundball, 34, EV 100.0 MPH)
|
| Top of the 7th over - 2 runs, 2 hits, 1 error, 2 left on base; Louisville 3 - Albuquerque 3 |
| BOTTOM OF THE 7TH |
|
Albuquerque Isotopes batting - Pitching for Louisville Bats : LHP Edwin Pacheco
|
|
Batting: SHB Jamel Wright
|
0-0: Called Strike 0-1: Ball 1-1: Foul Ball, location: 2F 1-2: Ball 2-2: Hit by Pitch
|
|
Pinch Runner at 1st Hector Silva:
|
|
|
Batting: RHB Jerry Sanchez
|
0-0: Ball 1-0: Called Strike 1-1: Fielders Choice at 2nd, 6-4 (Groundball, 6, EV 83.8 MPH)
|
|
Pitching: RHP Giovonni Morgia
|
|
|
Batting: SHB D.J. Codd
|
0-0: Ball 1-0: Grounds into double play, 1-6-3 (Groundball, 34S, EV 67.5 MPH)
|
| Bottom of the 7th over - 0 runs, 0 hits, 0 errors, 0 left on base; Louisville 3 - Albuquerque 3 |
| TOP OF THE 8TH |
|
Louisville Bats batting - Pitching for Albuquerque Isotopes : RHP Austin Akers
|
|
Now in LF: Hector Silva
|
|
|
Batting: RHB Juan Reyes
|
0-0: Ball 1-0: Ball 2-0: Fly out, F8 (Flyball, 8LXD, EV 85.6 MPH)
|
|
Pitching: LHP Taek-hyun Kim
|
|
|
Pinch Hitting: RHB Steve Bauman
|
0-0: Ball 1-0: Foul Ball, location: 2F 1-1: Ball 2-1: Ground out 6-3 (Groundball, 6, EV 110.0 MPH)
|
|
Batting: RHB Jonathan Robies
|
0-0: Ball 1-0: DOUBLE (Flyball, 89D, EV 101.9 MPH)
|
|
Batting: SHB Freddie Farrar
|
0-0: Ball 1-0: Called Strike 1-1: Swinging Strike 1-2: Foul Ball, location: 2F 1-2: Ball 2-2: Foul Ball, location: 2F 2-2: Strikes out swinging
|
| Top of the 8th over - 0 runs, 1 hit, 0 errors, 1 left on base; Louisville 3 - Albuquerque 3 |
| BOTTOM OF THE 8TH |
|
Albuquerque Isotopes batting - Pitching for Louisville Bats : RHP Giovonni Morgia
|
|
Now in LF: Steve Bauman
|
|
|
Batting: RHB Ben Taylor
|
0-0: Ball 1-0: Called Strike 1-1: Ball 2-1: Ball 3-1: Base on Balls
|
|
Batting: RHB Herb McIntyre
|
0-0: Ball 1-0: Ball 2-0: Called Strike 2-1: Foul Ball, location: 2F 2-2: Ball 3-2: Foul Ball, location: 2F 3-2: Base on Balls Ben Taylor to second
|
|
Batting: RHB Logan Morgan
|
0-0: Ball 1-0: Called Strike 1-1: Swinging Strike 1-2: Foul Ball, location: 2F 1-2: Fielders Choice at 2nd, 1-6 (Groundball, 23, EV 61.2 MPH) Ben Taylor to third
|
|
Batting: RHB Sadataka Kuwahara
|
0-0: Ball Logan Morgan steals 2nd base 1-0: Foul Ball, location: 2F 1-1: Foul Ball, location: 2F 1-2: Ball 2-2: Ground out 6-3 (Groundball, 6MS, EV 81.2 MPH)
|
|
Batting: RHB Adrian Rudkilde
|
0-0: Swinging Strike 0-1: DOUBLE (Line Drive, 78D, EV 106.9 MPH) Ben Taylor scores Logan Morgan scores
|
|
Batting: SHB Orlando Torres
|
0-0: Fly out, F7 (Flyball, 7LS, EV 89.4 MPH)
|
| Bottom of the 8th over - 2 runs, 1 hit, 0 errors, 1 left on base; Louisville 3 - Albuquerque 5 |
| TOP OF THE 9TH |
|
Louisville Bats batting - Pitching for Albuquerque Isotopes : LHP Taek-hyun Kim
|
|
Pitching: RHP Ernie Schmutz
|
|
|
Now at 1B: Hector Silva
|
|
|
Now in LF: D.J. Codd
|
|
|
Now in CF: Vinny Estrada
|
|
|
Now in RF: Logan Morgan
|
|
|
Batting: LHB Leo Gomez
|
0-0: Ball 1-0: Foul Ball, location: 2F 1-1: Ball 2-1: Foul Ball, location: 2F 2-2: Fly out, F6 (Popup, 56, EV 58.1 MPH)
|
|
Batting: RHB Danny Real
|
0-0: Swinging Strike 0-1: Foul Ball, location: 2F 0-2: Ball 1-2: Foul Ball, location: 2F 1-2: SINGLE (Groundball, 56D, EV 102.5 MPH)
|
|
Pinch Hitting: LHB Ray Walden
|
0-0: Foul Ball, location: 2F 0-1: Ball 1-1: Grounds into double play, 1-6-3 (Groundball, 13S, EV 71.9 MPH)
|
| Top of the 9th over - 0 runs, 1 hit, 0 errors, 0 left on base; Louisville 3 - Albuquerque 5 |
|